 Dungeon Crawl Stone Soup version 0.28.0-49-g6dfe1f597d (webtiles) character file.

Game seed: 377257648609384689

44 Zeld the Chiller (level 3, -7/28 HPs)
             Began as a Ghoul Ice Elementalist on May 17, 2022.
             Mangled by a gnoll
             ... wielding a +3 flail
              (12 damage)
             ... on level 1 of the Dungeon.
             The game lasted 00:01:33 (1349 turns).

Zeld the Chiller (Ghoul Ice Elementalist)           Turns: 1349, Time: 00:01:34

Health: -7/28      AC:  2    Str: 11    XL:     3   Next: 62%
Magic:  2/5        EV: 12    Int: 12    God:
Gold:   64         SH:  0    Dex:  9    Spells: 2/6 levels left

rFire   . . .      SeeInvis .   (no weapon)
rCold   + . .      Faith    .   (no shield)
rNeg    + + +      Spirit   .   a - +0 robe
rPois   ∞          Reflect  .   (no helmet)
rElec   .          Harm     .   (no cloak)
rCorr   .          Rampage  .   (no gloves)
Will    .....                   (no boots)
Stlth   ++........              (no amulet)
HPRegen 0.00/turn               (no ring)
MPRegen 0.09/turn               (no ring)

@: very slightly contaminated, inhibited regen
A: claws 1, cold resistance 1, negative energy resistance 3, inhibited
regeneration, torment resistance 2
a: no special abilities


You were on level 1 of the Dungeon.
You visited 1 branch of the dungeon, and saw 2 of its levels.

You collected 64 gold pieces.

Inventory:

Armour
 a - a +0 robe (worn)
Scrolls
 b - a scroll of identify {unknown}
Potions
 c - a potion of mutation {unknown}


   Skills:
 * Level 1.4 Fighting
 + Level 2.0 Dodging
 + Level 2.4 Stealth
 * Level 2.2 Spellcasting
 * Level 4.8 Ice Magic


You had 2 spell levels left.
You knew the following spells:

 Your Spells              Type           Power      Damage    Failure   Level
a - Freeze                Ice            52%        1d7       3%          1
b - Frozen Ramparts       Ice            26%        1d4       11%         3

Your spell library contained the following spells:

 Spells                   Type           Power      Damage    Failure   Level
 Blink                    Tloc           2%         N/A       38%         2
 Ozocubu's Armour         Ice            13%        N/A       11%         3
 Hailstorm                Conj/Ice       7%         3d4       67%         4
 Manifold Assault         Tloc           1%         N/A       100%        5
 Storm Form               Tmut/Air       Unusable   N/A       N/A         7

Dungeon Overview and Level Annotations

Branches:
Dungeon (2/15)

Altars:


Innate Abilities, Weirdness & Mutations

You thrive by killing the living.
You are immune to poison.
You have sharp fingernails.
Your flesh is cold resistant. (rC+)
You are immune to negative energy. (rN+++)
You do not regenerate when monsters are visible.
You are immune to unholy pain and torment.


Message History

You start resting.
Magic restored.
You start resting.
HP restored.
Done exploring.
You climb downwards.
The endoplasm quivers.
The gnoll hits you with a +3 flail! The gnoll misses you.
There is a stone staircase leading up here.
The gnoll misses you.
You climb upwards.
There is a stone staircase leading down here.
Casting: Freeze (safe; 3% risk of failure)
Confirm with . or Enter, or press ? or * to list all spells.
Aiming: Freeze (safe; 3% risk of failure)
Press: ? - help, Shift-Dir - straight line, f - gnoll
Aim: a gnoll, wielding a +3 flail You freeze the gnoll.
The gnoll is heavily wounded.
The gnoll hits you with a +3 flail.
Unknown command.
Casting: Freeze (safe; 3% risk of failure)
Confirm with . or Enter, or press ? or * to list all spells.
Aiming: Freeze (safe; 3% risk of failure)
Press: ? - help, Shift-Dir - straight line, f/p - gnoll
Aim: a gnoll, wielding a +3 flail (heavily wounded)
You miscast Freeze.
You are very lightly contaminated with residual magic.
Nothing appears to happen.
The gnoll hits you with a +3 flail!
* * * LOW HITPOINT WARNING * * *
Unknown command.
Casting: Freeze (safe; 3% risk of failure)
Confirm with . or Enter, or press ? or * to list all spells.
Aiming: Freeze (safe; 3% risk of failure)
Press: ? - help, Shift-Dir - straight line, f/p - gnoll
Aim: a gnoll, wielding a +3 flail (heavily wounded)
You freeze the gnoll.
The gnoll is severely wounded.
The gnoll hits you with a +3 flail!
You die...

##### #...# #...#
#..@#
#.g.################
#...................
#.....).############
#...###..........# #
#...# ####....##.###
### #...#
#........... #.##
#...# ########.###
#..# #####
##.#...#..###


You could see a gnoll.

Vanquished Creatures
  A gnoll (D:2)
  A dart slug (D:1)
  4 ball pythons (D:1)
  5 bats (D:1)
  3 endoplasms (D:1)
  5 goblins (D:1)
  A hobgoblin (D:1)
  2 jackals (D:1)
  A quokka (D:1)
  3 frilled lizards (D:1)
  A kobold (D:1)
  5 rats (D:1)
32 creatures vanquished.

Notes
Turn   | Place    | Note
-------+----------+-------------------------------------------
     0 | D:1      | Zeld the Ghoul Ice Elementalist began the quest for the
                  | Orb.
     0 | D:1      | Reached XP level 1. HP: 14/14 MP: 2/2
   193 | D:1      | Reached XP level 2. HP: 19/22 MP: 0/3
   208 | D:1      | Reached skill level 1 in Fighting
   515 | D:1      | Reached XP level 3. HP: 12/28 MP: 0/5
   529 | D:1      | Learned a level 3 spell: Frozen Ramparts
  1349 | D:1      | Mangled by a gnoll

Illustrated notes

Levels and vault maps discovered:
D:1:      dpeg_arrival_three_same_balls, layout_rooms, minmay_surrounded
D:2:      layout_rooms, basic_altar, serial_shops, shop_statue,
          hangedman_decor_opposing, roderic_malta_cross,
          uniq_crazy_yiuf_cottage, uniq_sigmund

Skill      XL: |  1  2  3 |
---------------+----------+-----
Spellcasting   | 2 |  2.2
Fighting       | 1 |  1.4
Dodging        | 2 |  2.0
Stealth        | |  2.4
Ice Magic      | |  4.8

Action                   || total
-------------------------++-------
Melee: Unarmed           ||    36
       Punch             ||     1
 Cast: Freeze            ||    39
 Stab: Distracted        ||     1
       Sleeping          ||     1
Armor: Robe              ||    18
Dodge: Dodged            ||    55
